Map: [ESL] Waterfall

Players

BabyMarine - Winner!

  • Race: Terran Terran
  • Spawn Location: 1:00

NightPhoenix

  • Race: Protoss Protoss
  • Spawn Location: 7:00

Event: DreamHack SC2 Masters 2022 Valencia

VOD

Have the link to the VOD?

Description

Time

  • Played on: July 1, 2022, 2:05 p.m.
  • Length: 13:12

All games in this series

Show
View Real Time Build Order
Export as new Build Order

BabyMarine Terran - Winner!

Build Orders: Reaper Expand 

Get SALT Encoding   

  12  0:00  SCV  
  13  0:12  SCV  
  14  0:17  Supply Depot  
  14  0:24  SCV  
  15  0:38  SCV  
  15  0:39  Barracks  
  16  0:43  Refinery  
  16  0:50  SCV  
  17  1:02  SCV  
  18  1:14  SCV  
  19  1:26  Reaper  
  19  1:27  Orbital Command  
  20  1:47  Command Center  
  20  1:56  Supply Depot  
  20  2:00  Bunker  
  20  2:03  SCV  
  20  2:05  Marine  
  22  2:16  Factory  
  22  2:19  SCV  
  23  2:25  Barracks Reactor  
  23  2:31  SCV  
  23  2:33  Refinery  
  24  2:43  SCV  
  24  2:44  Bunker  
  25  2:55  SCV  
  26  3:01  Orbital Command, Marine  
  26  3:02  Marine  
  27  3:07  SCV  
  29  3:14  Factory Tech Lab  
  29  3:19  SCV, Marine x2  
  28  3:21  Starport  
  29  3:32  Cyclone  
  32  3:37  Marine, Supply Depot  
  32  3:38  Marine  
  34  3:42  SCV  
  34  3:44  SCV  
  36  3:55  Marine  
  37  3:56  Marine  
  37  3:58  SCV x2  
  40  4:04  Cyclone  
  40  4:09  Viking  
  43  4:10  SCV  
  43  4:11  SCV  
  43  4:16  Barracks  
  44  4:20  Marine x2  
  46  4:25  Supply Depot  
  46  4:27  SCV  
  46  4:28  SCV  
  48  4:35  Bunker  
  48  4:38  Marine x2  
  48  4:41  SCV x2  
  52  4:46  Barracks  
  52  4:51  Siege Tank  
  55  4:53  Starport Tech Lab  
  55  4:55  SCV  
  55  4:56  SCV  
  56  5:01  Marine, Supply Depot  
  56  5:04  Marine  
  59  5:07  SCV  
  59  5:10  SCV  
  60  5:19  SCV, Starport Reactor  
  60  5:20  Stimpack  
  61  5:22  Marauder  
  61  5:23  Supply Depot  
  61  5:24  Siege Tank, Marine  
  67  5:28  Refinery  
  67  5:29  SCV  
  67  5:30  Marine  
  67  5:33  Supply Depot  
  69  5:36  SCV  
  69  5:41  SCV  
  70  5:44  Marauder  
  70  5:47  Barracks Tech Lab  
  70  5:48  SCV  
  73  5:50  Engineering Bay  
  73  5:52  Supply Depot  
  73  5:54  SCV  
  74  6:00  SCV  
  74  6:02  Medivac x2  
  79  6:04  Marine x2  
  79  6:07  Refinery  
  79  6:08  SCV  
  79  6:10  Combat Shield  
  82  6:12  SCV, Marine  
  82  6:15  Supply Depot  
  82  6:16  Marine  
  85  6:20  SCV  
  85  6:24  Marine x2  
  85  6:25  Terran Infantry Weapons Level 1  
  88  6:27  SCV  
  88  6:32  SCV, Missile Turret x2  
  90  6:35  Marauder  
  95  6:40  Siege Tank  
  95  6:43  SCV  
  96  6:53  Command Center  
  96  6:55  SCV  
  96  6:59  Concussive Shells, Marine x2  
  95  7:16  Marine  
  95  7:17  Marine, Marauder  
  100  7:23  Viking  
  100  7:25  Viking  
  100  7:28  Supply Depot x2  
  102  7:38  SCV x2  
  102  7:39  Siege Tank, Marauder  
  89  7:47  Marine x2  
  89  7:48  Marauder  
  89  7:50  SCV x2  
  85  7:54  Medivac  
  85  7:55  Medivac  
  87  8:01  Marauder  
  87  8:02  SCV x2  
  87  8:05  Marine  
  92  8:09  Orbital Command  
  92  8:17  Barracks  
  92  8:18  Barracks  
  92  8:19  Terran Infantry Armor Level 1  
  92  8:21  Marauder  
  92  8:22  SCV, Marauder  
  98  8:27  Orbital Command, Marine x2  
  98  8:31  Siege Tank  
  103  8:40  Viking x2  
  106  8:42  SCV, Marine  
  107  8:56  Marine x2  
  107  8:57  SCV x2, Marauder  
  107  8:59  SCV  
  107  9:01  Marauder  
  116  9:09  SCV  
  117  9:10  Ghost Academy, Barracks Reactor  
  117  9:11  Barracks Tech Lab  
  117  9:13  Viking  
  117  9:14  Marine  
  117  9:16  Siege Tank  
  123  9:22  Viking  
  125  9:30  Refinery  
  125  9:33  Bunker  
  125  9:38  Marine x2, Marauder x2  
  131  9:39  Marauder  
  131  9:43  Viking  
  133  9:49  Marine x2  
  116  9:55  Viking, Siege Tank  
  116  9:59  Marauder  
  123  10:00  Marauder  
  123  10:02  Marine x2  
  123  10:03  Marauder  
  123  10:04  Orbital Command  
  125  10:14  Marine x2  
  125  10:20  Marine  
  125  10:21  Orbital Command, Marauder x2  
  126  10:24  Ghost, Marine  
  129  10:32  Marine x2  
  130  10:38  Siege Tank  
  130  10:41  Command Center  
  133  10:47  SCV  
  133  10:49  Marine x2, Marauder x2  
  128  10:58  Marine  
  128  10:59  Marine, Marauder  
  128  11:01  SCV  
  127  11:06  Marine  
  127  11:07  Marine  
  127  11:11  Marauder x2  
  128  11:15  Siege Tank  
  128  11:17  Viking  
  125  11:20  Marauder  
  118  11:26  Marine x2  
  118  11:27  Viking  
  118  11:28  Marine x2  
  118  11:32  SCV, Marauder x2  
  125  11:40  Armory  
  125  11:41  Engineering Bay  
  125  11:42  Marauder  
  125  11:44  Marine  
  128  11:47  Marine x3  
  128  11:52  Ghost  
  128  11:53  Ghost  
  126  12:01  Marine  
  126  12:03  Marauder  
  126  12:05  Medivac, Marine x3  
  134  12:12  SCV x2  
  136  12:22  Marauder x2  
  133  12:24  Viking  
  133  12:29  Siege Tank, Marine  
  132  12:30  Marine x2, Marauder  
  132  12:33  Refinery  
  132  12:34  Refinery  
  132  12:35  Viking  
  132  12:36  SCV x3  
  142  12:40  Marine  
  139  12:53  Marine x3  
Show
View Real Time Build Order
Export as new Build Order

NightPhoenix Protoss 

Build Orders: 1 Gate Expand, Colossus Rush 

Get SALT Encoding   

  12  0:00  Probe  
  13  0:12  Probe  
  14  0:16  Pylon  
  14  0:24  Probe (Chrono Boost)  
  16  0:36  Probe (Chrono Boost), Gateway  
  16  0:42  Probe (Chrono Boost)  
  16  0:45  Assimilator  
  17  0:51  Probe  
  18  1:03  Probe  
  19  1:15  Probe  
  20  1:23  Nexus  
  20  1:33  Cybernetics Core  
  20  1:36  Probe  
  21  1:43  Assimilator  
  21  1:48  Probe  
  21  1:52  Pylon  
  22  2:00  Probe  
  23  2:08  Adept (Chrono Boost)  
  23  2:15  Stargate  
  25  2:16  Probe  
  26  2:28  Stalker (Chrono Boost)  
  25  2:31  Warp Gate  
  27  2:37  Probe x2  
  29  2:49  Probe x2  
  29  2:50  Stalker (Chrono Boost)  
  37  3:15  Void Ray (Chrono Boost)  
  37  3:17  Stalker (Chrono Boost)  
  37  3:18  Pylon  
  37  3:22  Probe  
  37  3:24  Probe  
  41  3:36  Robotics Facility  
  41  3:43  Probe x2  
  43  4:09  Phoenix  
  43  4:16  Probe  
  43  4:17  Probe  
  45  4:20  Pylon  
  45  4:24  Forge  
  45  4:25  Robotics Bay  
  45  4:30  Probe  
  46  4:35  Assimilator  
  46  4:37  Assimilator  
  46  4:38  Probe  
  47  4:42  Shield Battery  
  47  4:43  Phoenix (Chrono Boost), Shield Battery  
  49  4:50  Stalker  
  49  4:52  Probe x2  
  53  5:00  Pylon  
  53  5:02  Pylon  
  53  5:05  Pylon  
  53  5:14  Colossus (Chrono Boost)  
  53  5:20  Probe x2  
  61  5:21  Protoss Ground Weapons Level 1 (Chrono Boost)  
  61  5:31  Pylon  
  61  5:34  Probe x2  
  63  5:37  Phoenix  
  65  5:46  Probe x2  
  67  5:58  Nexus  
  67  6:02  Shield Battery  
  63  6:06  Sentry  
  63  6:08  Colossus (Chrono Boost)  
  65  6:15  Probe x2  
  73  6:18  Extended Thermal Lance (Chrono Boost)  
  73  6:27  Probe x2, Gateway  
  75  6:36  Phoenix  
  75  6:39  Probe x2  
  79  6:46  Gateway  
  79  6:51  Probe  
  79  6:52  Stalker, Probe  
  83  7:04  Probe  
  83  7:05  Pylon  
  84  7:09  Colossus  
  86  7:17  Stalker  
  86  7:22  Gateway  
  88  7:25  Gateway  
  88  7:28  Gateway  
  88  7:30  Stalker, Twilight Council  
  88  7:33  Phoenix  
  84  7:47  Stalker  
  84  7:48  Stalker  
  80  7:54  Probe x2  
  80  7:57  Phoenix, Probe  
  80  7:58  Stalker  
  87  8:06  Probe x2  
  87  8:08  Observer  
  87  8:09  Probe  
  91  8:15  Charge (Chrono Boost), Assimilator  
  91  8:18  Probe x2, Assimilator  
  93  8:20  Pylon  
  93  8:21  Probe  
  93  8:22  Pylon  
  94  8:30  Probe x2  
  94  8:33  Probe  
  97  8:35  Pylon  
  97  8:42  Probe x2  
  97  8:45  Probe  
  100  8:49  Stalker x2  
  100  8:51  Stalker  
  100  8:53  Nexus, Pylon  
  106  8:57  Stalker x2  
  106  8:58  Stalker  
  112  9:05  Forge  
  112  9:09  Phoenix  
  114  9:15  Stalker  
  114  9:16  Stalker x2  
  120  9:17  Probe x2  
  120  9:18  Probe  
  123  9:25  Zealot  
  123  9:26  Zealot x2  
  123  9:27  Disruptor (Chrono Boost)  
  132  9:36  Phoenix  
  134  9:39  Zealot  
  134  9:40  Zealot x2  
  140  9:52  Zealot x3  
  128  9:59  Disruptor  
  121  10:21  Zealot x5  
  121  10:22  Probe x2, Zealot  
  121  10:23  Probe x2  
  121  10:25  Protoss Ground Weapons Level 2 (Chrono Boost)  
  137  10:38  Disruptor  
  140  10:49  Stalker x6  
  123  11:10  Colossus (Chrono Boost)  
  115  11:21  Zealot  
  115  11:22  Zealot x3  
  105  11:26  Zealot x2  
  105  11:32  Phoenix  
  98  11:36  Gateway x2  
  98  11:37  Gateway  
  98  11:42  Shield Battery x2  
  98  11:43  Stalker x4  
  98  11:45  Gateway x2  
  106  11:47  Gateway  
  106  11:49  Stalker  
  106  11:50  Stalker, Gateway  
  106  11:54  Colossus (Chrono Boost)  
  99  12:07  Zealot x4  
  94  12:13  Stalker x2  
  85  12:28  Stalker x4  
  81  12:33  Zealot x2  
  81  12:34  Zealot  
  93  12:37  Zealot x2  
  93  12:42  Nexus, Zealot  
  93  12:43  Pylon  
  99  12:44  Zealot  
  91  12:53  Zealot x3  
  85  13:00  Stalker x3  
  85  13:01  Stalker  
  85  13:02  Zealot x2  
  89  13:07  Zealot x2  

Tags
 
Add a new tag
Caveats
  • Supply blocks, unpowered buildings, or Contaminate may cause inaccurate times.
  • Supply counts are checked every 10 seconds.